 Dungeon Crawl Stone Soup version 0.25.1-2-g60ff931df9 (webtiles) character file.

Game seed: 6556480362174913911

87561 Snicker the Gelid (level 15, 0/108 HPs)
             Began as a Grey Draconian Ice Elementalist on Oct 21, 2020.
             Was a High Priest of Vehumet.
             Slain by a tentacled monstrosity (7 damage)
             ... on level 2 of the Abyss.
             The game lasted 01:25:26 (32620 turns).

Snicker the Gelid (DrIE)                           Turns: 32620, Time: 01:25:26

Health: 0/108      AC: 19    Str: 16    XL:     15   Next: 44%
Magic:  17/28      EV: 16    Int: 21    God:    Vehumet [*****.]
Gold:   2318       SH:  0    Dex: 11    Spells: 11/39 levels left

rFire    + . .     SeeInvis +   a - +2 short sword (protect)
rCold    + + .     Gourm    .   (no shield)
rNeg     . . .     Faith    .   (armour unavailable)
rPois    +         Spirit   .   R - +2 hat {SInv}
rElec    +         Reflect  .   x - scarf {repulsion}
rCorr    .         Harm     .   v - +1 pair of gloves
MR       ++...     Rnd*Tele +   k - +0 pair of boots
Stlth    ++++......             g - amulet of the acrobat
HPRegen  0.28/turn              H - ring "Gublifa" {rC++ Str+6}
MPRegen  0.21/turn              E - ring of protection from magic

@: about to teleport, repel missiles
A: walk through water, unfitting armour, stinger 1, talons 1, [blurry vision 1],
fire resistance 1, [frail 1], [low mp 1], poison resistance, electricity
resistance, teleportitis 1, weak 1, unbreathing, cold-blooded, AC +14
a: Renounce Religion


You were on level 2 of the Abyss.
You worshipped Vehumet.
Vehumet was extremely pleased with you.
You were not hungry.

You visited 4 branches of the dungeon, and saw 23 of its levels.
You visited the Abyss 1 time.
You also visited: Sewer and Ice Cave.

You collected 2542 gold pieces.
You spent 224 gold pieces at shops.

Inventory:

Hand Weapons
 a - a +2 short sword of protection (weapon)
 u - a +0 dagger
 w - a +8 dagger of venom
Missiles
 y - 11 javelins (quivered)
 D - 5 atropa-tipped darts
 P - 7 boomerangs of dispersal
 Q - a throwing net
 X - 4 curare-tipped darts
Armour
 k - a +0 pair of boots (worn)
 q - a scarf of invisibility
 v - a +1 pair of gloves (worn)
 x - a scarf of repulsion (worn)
 I - the +0 tower shield of the Furrier {rElec Int+4}
   (You found it on level 12 of the Dungeon)

   It affects your intelligence (+4).
   It insulates you from electricity.
 R - a +2 hat of see invisible (worn)
Jewellery
 d - an uncursed amulet of regeneration
 g - an amulet of the acrobat (around neck)
 o - an uncursed ring of protection from cold
 E - a ring of protection from magic (right hand)
 H - the ring "Gublifa" (left hand) {rC++ Str+6}
   (You found it on level 4 of the Lair of Beasts)

   [ring of strength]

   It affects your strength (+6).
   It greatly protects you from cold.
 L - an uncursed ring of protection from cold
 M - an uncursed amulet of reflection
 S - an uncursed ring of protection from fire
 T - the ring of Mycobly {+Fly Str+3 Stlth+}
   (You acquired it on level 4 of the Lair of Beasts)

   [ring of stealth]

   It affects your strength (+3).
   It lets you fly.
   It makes you more stealthy.
Wands
 l - a wand of paralysis (15)
 m - a wand of disintegration (44)
 A - a wand of random effects (32)
 B - a wand of flame (45)
 G - a wand of iceblast (23)
 K - a wand of polymorph (9)
 N - a wand of digging (5)
 V - a wand of clouds (6)
Scrolls
 c - a scroll of blinking
 e - 19 scrolls of identify
 h - 8 scrolls of remove curse
 i - 4 scrolls of enchant weapon
 j - 10 scrolls of amnesia
 r - 3 scrolls of magic mapping
 s - a scroll of enchant armour
Potions
 f - 7 potions of lignification
 n - 2 potions of flight
 p - a potion of resistance
 t - a potion of curing
 z - 2 potions of stabbing
 C - 3 potions of ambrosia
 J - a potion of haste
 O - a potion of magic
Comestibles
 b - 16 rations


   Skills:
 + Level 8.0 Fighting
 + Level 9.4 Short Blades
 + Level 0.6 Throwing
 + Level 8.2 Dodging
 + Level 9.0 Stealth
 - Level 12.8 Spellcasting
 + Level 4.3 Conjurations
 + Level 2.7 Translocations
 + Level 0.8 Transmutations
 * Level 16.1 Ice Magic
 + Level 0.4 Air Magic
 + Level 2.4 Evocations


You had 11 spell levels left.
You knew the following spells:

 Your Spells              Type           Power        Failure   Level  Hunger
a - Freeze                Ice            ####         0%          1    None
b - Frozen Ramparts       Ice            ######       0%          3    None
c - Ozocubu's Armour      Chrm/Ice       #####...     1%          3    None
d - Hailstorm             Conj/Ice       ######..     1%          4    None
e - Searing Ray           Conj           ####..       1%          2    None
f - Iskenderun's Mystic   Conj/Tloc      ####....     3%          4    None
g - Irradiate             Conj/Tmut      ###.......   13%         5    ####...
h - Freezing Cloud        Conj/Ice/Air   #####.....   11%         6    #####..

Your spell library contained the following spells:

 Spells                   Type           Power        Failure   Level  Hunger
 Orb of Destruction       Conj           ####......   82%         7    #######
 Magic Dart               Conj           ####         1%          1    None
 Dazzling Flash           Conj/Hex       ###...       1%          3    None
 Ice Form                 Ice/Tmut       #####...     1%          4    None
 Summon Ice Beast         Ice/Summ       #####...     1%          4    None
 Beastly Appendage        Tmut           ###...       3%          1    None
 Sticks to Snakes         Tmut           ###.....     5%          2    None
 Fulminant Prism          Conj/Hex       ###.......   5%          4    None
 Spider Form              Tmut/Pois      ###.......   12%         3    None
 Blade Hands              Tmut           ###.......   67%         5    ####...


Dungeon Overview and Level Annotations

Branches:
Dungeon (14/15)            Temple (1/1) D:4            Lair (6/6) D:11
  Swamp (0/4) Lair:3        Snake (0/4) Lair:4        Slime (0/5) Lair:6
    Orc (2/2) D:12            Elf (0/3) Orc:2         Sewer (visited)
  IceCv (visited)
 Vaults: D:13-14

Altars:
Ashenzari
Cheibriados
Dithmenos
Elyvilon
Fedhas
Gozag
Hepliaklqana
Kikubaaqudgha
Makhleb
Nemelex Xobeh
Okawaru
Qazlal
Ru
Sif Muna
Trog
Uskayaw
Vehumet
Wu Jian
Xom
Yredelemnul
The Shining One
Beogh
Jiyva

Shops:
D:4 !   D:7 !   Orc:2 (=[*

Annotations:
D:4 1 runed translucent door, Diggabert's ghost, amateur FoFi
D:9 2 transporters
D:14 Louise


Innate Abilities, Weirdness & Mutations

You can walk through water.
Your dull iron-grey scales are very hard. (AC +14)
You cannot fit into any form of body armour.
You can survive without breathing.
You are cold-blooded and may be slowed by cold attacks.
Your tail ends in a poisonous barb.
You have sharp toenails.
Your flesh is heat resistant. (rF+)
Your system is resistant to poisons. (rPois)
You are resistant to electric shocks. (rElec)
You are occasionally teleported next to monsters.
You are weak. (Str -2)
[Scrolls take you a little longer to read.]
[You are frail. (-10% HP)]
[Your magical capacity is low. (-10% MP)]


Message History

Confirm with . or Enter, or press ? or * to list all spells.
You erupt in a blast of force!
The mystic blast hits the tentacled monstrosity.
The tentacled monstrosity is lightly wounded.
The tentacled monstrosity loses its grip on you.
The tentacled monstrosity is knocked back by the mystic blast.
Unknown command.
Really read with blurry vision while enemies are nearby? [Y]es or [N]o only, please.
Really read with blurry vision while enemies are nearby? [Y]es or [N]o only, please.
Really read with blurry vision while enemies are nearby? [Y]es or [N]o only, please.
Really read with blurry vision while enemies are nearby? [Y]es or [N]o only, please.
Really read with blurry vision while enemies are nearby?
You begin reading the scroll.
You continue reading the scroll.
The tentacled monstrosity completely misses you.
The tentacled monstrosity tentacle-slaps you!
You die...

###
#@#
#X#
#§#
#§#
#§#
#§#
#.# #
#.# .
#.##.


You could see a tentacled monstrosity.

Vanquished Creatures
  Jorgrun (Orc:2)
  Rupert (Orc:2)
  Gastronok (Lair:3)
  Frances (D:13)
  2 orc warlords (Orc:2)
  2 stone giants
  Snorg (Lair:5)
  2 hydras (Lair:3)
  A centaur warrior (D:9)
  3 catoblepae (Lair:6)
  2 death knights (D:14)
  A two-headed ogre (D:11)
  11 death yaks
  2 orc high priests
  2 thrashing horrors (Abyss:2)
  A wretched star (Abyss:2)
  2 unseen horrors
  A flayed ghost (D:10)
  3 orc knights (Orc:2)
  3 manticores
  9 deep elf magi
  2 cyclopes
  5 ugly things
  5 centaur zombies
  7 orc sorcerers
  2 ice statues (IceCv)
  4 black mambas
  5 elephants (Lair:5)
  4 gargoyles
  10 spiny frogs
  6 komodo dragons
  3 rime drakes
  8 trolls
  An efreet (D:9)
  2 freezing wraiths (D:14)
  A polar bear (Lair:3)
  A hornet (D:9)
  3 raiju (Abyss:2)
  7 dream sheep (Lair:6)
  5 slime creatures (D:13)
  5 blink frogs (Lair:5)
  7 hippogriffs
  A centaur simulacrum (D:12)
  A shadow (D:14)
  2 wraiths
  6 wyverns
  46 yaks
  4 basilisks
  A vampire mosquito (D:9)
  3 hungry ghosts
  A swamp worm (Lair:3)
  3 acid dragons
  3 nagas (Lair:4)
  2 soldier ants
  3 water moccasins
  A large abomination (Abyss:2)
  5 wargs (Orc:2)
  10 porcupines
  2 sky beasts
  32 orc warriors
  16 ice beasts
  4 black bears
  A necrophage (D:11)
  3 phantoms
  9 ogres
  An eye of draining (D:9)
  4 wolves (Lair:3)
  The ghost of axecop the Skirmisher, an amateur DsAK of Lugonu (D:3)
  6 centaurs
  13 crocodiles
  9 big kobolds
  2 small abominations (Abyss:2)
  13 bullfrogs
  A wyvern zombie (D:13)
  7 scorpions
  4 electric eels (D:9)
  6 killer bees (D:11)
  18 wights
  2 howler monkeys (D:11)
  6 crimson imps
  2 quasits (Abyss:2)
  A bullfrog zombie (D:11)
  5 hounds
  12 orc priests
  7 centaur skeletons
  6 jellies
  9 worker ants
  2 bullfrog skeletons
  3 iguanas
  18 orc wizards
  A killer bee zombie (D:7)
  A gnoll (shapeshifter) (D:10)
  3 gnolls (D:4)
  11 adders
  3 river rats (Sewer)
  5 shadow imps
  A white imp (Abyss:2)
  5 oozes
  3 adder skeletons
  2 adder zombies (D:6)
  A worm (Sewer)
  5 leopard geckos
  71 orcs
  5 giant cockroaches
  7 goblins
  5 hobgoblins
  15 jackals
  2 quokkas
  3 ball pythons
  11 bats
  3 frilled lizards
  A jackal zombie (D:5)
  11 kobolds
  A leopard gecko skeleton (D:6)
  17 rats
  A plant (D:11)
656 creatures vanquished.

Vanquished Creatures (others)
  An ogre (Orc:2)
  A centaur (D:5)
  A bullfrog zombie (D:9)
  An orc wizard (D:5)
  2 orcs (D:5)
  A frilled lizard (D:5)
  59 fungi
  A lurking horror (Abyss:2)
  6 plants
  2 withered plants (D:4)
75 creatures vanquished.

Grand Total: 731 creatures vanquished

Notes
Turn   | Place    | Note
-------+----------+-------------------------------------------
     0 | D:1      | Snicker the Draconian Ice Elementalist began the quest for
                  | the Orb.
     0 | D:1      | Reached XP level 1. HP: 14/14 MP: 3/3
   418 | D:1      | Reached XP level 2. HP: 16/20 MP: 3/5
  1131 | D:1      | Reached XP level 3. HP: 21/26 MP: 4/6
  1136 | D:1      | Learned a level 3 spell: Frozen Ramparts
  1992 | D:2      | Found a basalt altar of Yredelemnul.
  2001 | D:2      | Found a glowing golden altar of the Shining One.
  2098 | D:2      | Found a hazy altar of Hepliaklqana.
  2464 | D:2      | Noticed an angel
  2617 | D:3      | Reached XP level 4. HP: 33/33 MP: 4/8
  2660 | D:3      | Found a glowing drain.
  2697 | Sewer    | Entered a sewer
  2714 | Sewer    | Noticed a big kobold
  2731 | Sewer    | Killed a big kobold
  2731 | Sewer    | Reached skill level 5 in Ice Magic
  2731 | Sewer    | Reached XP level 5. HP: 36/38 MP: 3/10
  2793 | Sewer    | Learned a level 3 spell: Ozocubu's Armour
  2798 | Sewer    | Learned a level 4 spell: Hailstorm
  2917 | Sewer    | Reached XP level 6. HP: 32/46 MP: 6/12
  3161 | Sewer    | Your scales start taking on a dull iron-grey colour.
  3161 | Sewer    | Reached XP level 7. HP: 51/51 MP: 10/14
  3161 | Sewer    | Gained mutation: You can survive without breathing. [Grey
                  | Draconian growth]
  3231 | Sewer    | Reached skill level 5 in Spellcasting
  3246 | Sewer    | Reached skill level 1 in Short Blades
  3246 | Sewer    | Reached skill level 6 in Ice Magic
  3870 | D:3      | Found a runed translucent gate.
  3871 | D:3      | Found a runed translucent gate.
  3872 | D:3      | Found a runed translucent gate.
  3873 | D:3      | Noticed axecop's ghost (amateur DsAK)
  3873 | D:3      | Identified the cursed +1 scale mail of Stoicism {rElec rF+
                  | Dex+2}
  3944 | D:3      | Found a roughly hewn altar of Beogh.
  3954 | D:3      | Reached skill level 1 in Fighting
  3959 | D:3      | Gained mutation: You passively map a small area around you.
                  | [potion of mutation]
  3959 | D:3      | Gained mutation: You can translocate small distances at
                  | will. [potion of mutation]
  3959 | D:3      | Gained mutation: [Scrolls take you a little longer to
                  | read.] [potion of mutation]
  3959 | D:3      | Gained mutation: Your system is resistant to poisons.
                  | (rPois) [potion of mutation]
  3979 | D:3      | Killed axecop's ghost
  4072 | D:4      | Reached skill level 7 in Ice Magic
  4076 | D:4      | Found a hide-covered altar of Uskayaw.
  4088 | D:4      | Reached XP level 8. HP: 48/59 MP: 11/16
  4178 | D:4      | Found a stormy altar of Qazlal.
  4260 | D:4      | Found a runed translucent door.
  4261 | D:4      | Noticed Diggabert's ghost (amateur FoFi)
  4362 | D:4      | Found a staircase to the Ecumenical Temple.
  4404 | Temple   | Entered the Ecumenical Temple
  4463 | Temple   | Became a worshipper of Vehumet
  4467 | Temple   | Lost mutation: [Scrolls take you a little longer to read.]
                  | [potion of mutation]
  4467 | Temple   | Lost mutation: You passively map a small area around you.
                  | [potion of mutation]
  4467 | Temple   | Gained mutation: You tend to lose your temper in combat.
                  | [potion of mutation]
  4467 | Temple   | Gained mutation: You are resistant to hostile enchantments.
                  | (MR+) [potion of mutation]
  4467 | Temple   | Gained mutation: You are robust. (+10% HP) [potion of
                  | mutation]
  4710 | D:4      | Noticed an air elemental
  4734 | D:4      | Found Loraapt's Distillery.
  4857 | D:5      | Entered Level 5 of the Dungeon
  5047 | D:5      | Found a shimmering altar of Xom.
  5541 | D:5      | Found an iron altar of Okawaru.
  5716 | D:6      | Reached skill level 8 in Ice Magic
  5723 | D:6      | Reached * piety under Vehumet
  5723 | D:6      | Offered knowledge of Sandblast by Vehumet.
  5810 | D:6      | Found an opulent altar of Gozag.
  5869 | D:6      | Found a white marble altar of Elyvilon.
  5948 | D:6      | Found a bloodstained altar of Trog.
  6563 | D:7      | Reached XP level 9. HP: 74/74 MP: 19/19
  6598 | D:7      | Found Lyskost's Distillery.
  6833 | D:7      | Found a sparkling altar of Nemelex Xobeh.
  7099 | D:8      | Found a shattered altar of Ashenzari.
  7225 | D:8      | Found a blossoming altar of Fedhas.
  7276 | D:8      | Found a sacrificial altar of Ru.
  7750 | D:9      | Noticed an efreet
  7753 | D:9      | Noticed a centaur warrior
  7759 | D:9      | Killed an efreet
  7770 | D:9      | HP: 1/74 [centaur warrior/arrow (22)]
  8364 | D:9      | Reached skill level 9 in Ice Magic
  8385 | D:9      | You fall into a shaft and drop 3 floors!
  8517 | D:12     | Noticed a manticore
  8522 | D:12     | Killed a manticore
  8522 | D:12     | Reached skill level 5 in Stealth
  8569 | D:12     | Got a pitted tower shield
  8596 | D:12     | Offered knowledge of Magic Dart by Vehumet.
  8596 | D:12     | Reached XP level 10. HP: 70/84 MP: 20/22
  8603 | D:12     | Identified the cursed +0 tower shield of the Furrier {rElec
                  | Int+4} (You found it on level 12 of the Dungeon)
  8680 | D:12     | Reached ** piety under Vehumet
  8873 | D:12     | Found a staircase to the Orcish Mines.
  8880 | D:12     | Killed an unseen horror
  9266 | D:12     | Noticed a gargoyle
  9284 | D:12     | Killed a gargoyle
  9511 | D:11     | Reached skill level 10 in Ice Magic
  9517 | D:10     | Entered Level 10 of the Dungeon
  9524 | D:10     | Noticed a stone giant
  9561 | D:10     | Killed a stone giant
  9561 | D:10     | Reached skill level 5 in Short Blades
  9712 | D:10     | Found a burning altar of Makhleb.
  9713 | D:10     | Noticed a flayed ghost
  9714 | D:10     | Found a blossoming altar of Fedhas.
  9722 | D:10     | Killed a flayed ghost
  9968 | D:10     | Reached XP level 11. HP: 88/92 MP: 24/24
 10607 | D:9      | Found a transporter.
 10629 | D:9      | Offered knowledge of Searing Ray by Vehumet.
 10648 | D:9      | Killed a centaur warrior
 10664 | D:9      | Learned a level 2 spell: Searing Ray
 10848 | D:9      | Found a transporter.
 11015 | D:9      | Reached *** piety under Vehumet
 11028 | D:9      | Learned a level 4 spell: Iskenderun's Mystic Blast
 11538 | D:9      | Reached skill level 10 in Spellcasting
 12101 | D:11     | Noticed a two-headed ogre
 12120 | D:11     | Killed a two-headed ogre
 12120 | D:11     | Reached skill level 11 in Ice Magic
 12452 | D:11     | Offered knowledge of Olgreb's Toxic Radiance by Vehumet.
 12745 | D:11     | Reached skill level 5 in Dodging
 12800 | D:11     | Reached **** piety under Vehumet
 12855 | D:11     | Found a staircase to the Lair.
 12873 | D:11     | Offered knowledge of Irradiate by Vehumet.
 12884 | D:11     | Learned a level 5 spell: Irradiate
 13144 | D:11     | Reached skill level 1 in Conjurations
 13229 | D:11     | Reached skill level 5 in Fighting
 13229 | D:11     | Reached XP level 12. HP: 103/103 MP: 26/26
 14109 | Lair:1   | Entered Level 1 of the Lair of Beasts
 14191 | Lair:1   | Found a frozen archway.
 14237 | Lair:1   | Reached ***** piety under Vehumet
 14244 | Lair:1   | Offered knowledge of Spellforged Servitor by Vehumet.
 14432 | IceCv    | Entered an ice cave
 14446 | IceCv    | Reached skill level 1 in Translocations
 14745 | IceCv    | Found a transporter.
 14771 | IceCv    | Found a transporter.
 14846 | IceCv    | HP: 4/103 [ice statue/shard of ice (29)]
 14854 | IceCv    | Gained mutation: You are clumsy. (Dex -2) [mutagenic glow]
 14922 | IceCv    | Gained mutation: You are occasionally teleported next to
                  | monsters. [mutagenic glow]
 15821 | D:7      | Bought a potion of mutation for 112 gold pieces
 15821 | D:7      | Lost mutation: You are robust. (+10% HP) [potion of
                  | mutation]
 15821 | D:7      | Lost mutation: You are clumsy. (Dex -2) [potion of
                  | mutation]
 15821 | D:7      | Gained mutation: You are resistant to electric shocks.
                  | (rElec) [potion of mutation]
 15821 | D:7      | Lost mutation: You are resistant to hostile enchantments.
                  | (MR+) [potion of mutation]
 15821 | D:7      | Gained mutation: You are agile. (Dex +2) [potion of
                  | mutation]
 15822 | D:7      | Bought a potion of mutation for 112 gold pieces
 15822 | D:7      | Lost mutation: You are agile. (Dex +2) [potion of mutation]
 15822 | D:7      | Lost mutation: You tend to lose your temper in combat.
                  | [potion of mutation]
 15822 | D:7      | Lost mutation: You can translocate small distances at will.
                  | [potion of mutation]
 15822 | D:7      | Gained mutation: You are weak. (Str -2) [potion of
                  | mutation]
 15822 | D:7      | Gained mutation: Your tail ends in a poisonous barb.
                  | [potion of mutation]
 15822 | D:7      | Gained mutation: Your flesh is heat resistant. (rF+)
                  | [potion of mutation]
 15822 | D:7      | Gained mutation: You have sharp toenails. [potion of
                  | mutation]
 16752 | Lair:2   | Reached skill level 12 in Ice Magic
 16805 | Lair:2   | Reached skill level 1 in Evocations
 17413 | Lair:3   | Noticed a six-headed hydra
 17414 | Lair:3   | Noticed an eight-headed hydra
 17442 | Lair:3   | Killed a six-headed hydra
 18552 | Lair:3   | Noticed Gastronok
 18561 | Lair:3   | Reached XP level 13. HP: 101/102 MP: 28/28
 18582 | Lair:3   | Killed Gastronok
 18900 | Lair:3   | Found a staircase to the Swamp.
 18942 | Lair:4   | Found a staircase to the Snake Pit.
 19158 | Lair:4   | Identified a scroll of acquirement
 19158 | Lair:4   | Acquired the ring of Mycobly {+Fly Str+3 Stlth+}
 19209 | Lair:4   | Got an ancient jade ring
 19211 | Lair:4   | Identified the ring "Gublifa" {rC++ Str+6} (You found it on
                  | level 4 of the Lair of Beasts)
 19657 | Lair:4   | Reached skill level 13 in Ice Magic
 20544 | Lair:5   | Noticed Snorg
 20593 | Lair:5   | HP: 5/103 [Snorg (14)]
 20598 | Lair:5   | Killed Snorg
 21437 | Lair:5   | Offered knowledge of Freezing Cloud by Vehumet.
 21446 | Lair:5   | Learned a level 6 spell: Freezing Cloud
 22577 | Lair:6   | Entered Level 6 of the Lair of Beasts
 23131 | Lair:6   | Found a viscous altar of Jiyva.
 23132 | Lair:6   | Found a runed translucent door.
 23648 | Lair:6   | Found a staircase to the Slime Pits.
 23655 | Lair:6   | Reached XP level 14. HP: 111/111 MP: 28/30
 24869 | Lair:6   | Reached skill level 14 in Ice Magic
 26419 | Orc:1    | Entered Level 1 of the Orcish Mines
 26426 | Orc:1    | Noticed a stone giant
 26638 | Orc:1    | Killed a stone giant
 26760 | Orc:1    | Offered knowledge of Orb of Destruction by Vehumet.
 26997 | Orc:1    | Found a roughly hewn altar of Beogh.
 27322 | Orc:2    | Entered Level 2 of the Orcish Mines
 27322 | Orc:2    | Noticed Jorgrun
 27324 | Orc:2    | Found Ruwij's Jewellery Shop.
 27324 | Orc:2    | Noticed an orc warlord
 27657 | Orc:2    | Found Naxub's Antique Weapon Emporium.
 27657 | Orc:2    | Noticed Rupert
 27857 | Orc:2    | Paralysed by Rupert for 3 turns
 27863 | Orc:2    | Killed Rupert
 27863 | Orc:2    | Reached skill level 15 in Ice Magic
 28039 | Orc:2    | Killed Jorgrun
 28619 | Orc:2    | Noticed an orc warlord
 28644 | Orc:2    | Killed an orc warlord
 28949 | Orc:2    | Found Zemeq's Antique Armour Shoppe.
 28988 | Orc:2    | Killed an orc warlord
 28988 | Orc:2    | Reached XP level 15. HP: 56/118 MP: 7/31
 29308 | Orc:2    | Found a staircase to the Elven Halls.
 29311 | Orc:2    | Found a roughly hewn altar of Beogh.
 29650 | Orc:2    | Found Puoqeron's General Store.
 29955 | D:13     | Noticed Frances
 29992 | D:13     | Killed Frances
 31454 | D:14     | Reached skill level 16 in Ice Magic
 31544 | D:14     | Noticed Louise
 32151 | D:14     | Cast into level 2 of the Abyss (Louise)
 32243 | Abyss:2  | Found a corrupted altar of Lugonu.
 32503 | Abyss:2  | Noticed a tentacled monstrosity
 32566 | Abyss:2  | Found a corrupted altar of Lugonu.
 32620 | Abyss:2  | Slain by a tentacled monstrosity

Illustrated notes

Levels and vault maps discovered:
D:1:      dpeg_arrival_chambers_temple_mockup, layout_basic,
          supply_closet_lemuel, minmay_misc_feat_nine_boxes, serial_bayou_pond_b
D:2:      layout_loops_ring, grunt_temple_overflow_holy_war,
          nicolae_overflow_hidden_temple
D:3:      layout_basic, portal_sewer_entry_b, biasface_ghost_orc_armoury
D:4:      layout_cave_pools, nicolae_qazlal_style_of_elements,
          eat_drink_and_be_merry_uskayaw, minmay_temple_entry_grid,
          serial_shops, nicolae_shop_statue_plus, gammafunk_ghost_grave
D:5:      layout_loops_ring, lemuel_coloured_pillars_altar, first_ration,
          xom_confusion_cloud
D:6:      layout_loops_cross, kennysheep_mini_moat, elyvilon_altar_5,
          nicolae_gozag_seed_capital, minmay_fractal_squares_gapless_5
D:7:      layout_basic, nemelex_altar_shiori, serial_shops, nicolae_shop_stone
D:8:      layout_basic, fedhas_altar_2, nicolae_ru_path_of_blood,
          evilmike_ruin_ashenzari, blue_anna_alchemist [blue_anna_fruit_fields,
          blue_anna_fruit_fields]
D:9:      gammafunk_cloud_chamber, layout_basic, minivault_28
D:10:     layout_loops_ring, jmf_multi_god_temple
D:11:     kennysheep_six_static_rooms, layout_basic,
          due_lair_maze_entry_diamond, corexii_leaking_fountain
D:12:     layout_loops_cross, orc_0_dummy
D:13:     layout_small_grid, uniq_frances
D:14:     layout_rooms, david_vaults_5, uniq_louise
Temple:   nicolae_temple_figure_zero
Lair:1:   layout_cave_shapes, portal_ice_cave_entry_ice_beasts, minivault_19
Lair:2:   layout_hall_layers
Lair:3:   layout_roguey, palyth_hydra_swamp_entry, uniq_gastronok
Lair:4:   layout_regular_city, minmay_snake_entry_guardpost_small,
          infiniplex_staircase_pool
Lair:5:   layout_cave_pods, uniq_snorg
Lair:6:   evilmike_catoblepas_cave, layout_regular_city, slime_altar_2
Orc:1:    layout_caves, basic_altar, elves_outpost_lemuel
Orc:2:    grunt_orc_gardens, layout_diamond_mine, grunt_orc_garden,
          grunt_orc_garden, grunt_orc_garden, grunt_orc_garden, basic_altar,
          uniq_rupert, uniq_jorgrun
Abyss:2:  base: D:5, gammafunk_abyss_exit_x_factor, gammafunk_corrupted_shrine,
          evilmike_abyss_exit_glass

Skill      XL: |  1  2  3  4  5  6  7  8  9 10 11 12 13 14 15 |
---------------+----------------------------------------------+-----
Dodging        | 2 3 4 5 6 7 8 |  8.2
Spellcasting   | 3 4 5 6 8 9 10 11 12 | 12.8
Stealth        | 2 3 5 6 7 8 9 |  9.0
Ice Magic      | 5 7 8 9 10 11 12 13 15 16 | 16.1
Short Blades   | 1 2 4 5 6 7 8 9 |  9.4
Fighting       | 1 2 3 4 5 6 7 8 |  8.0
Conjurations   | 1 2 3 4 |  4.3
Translocations | 1 2 |  2.7
Evocations     | 1 2 |  2.4
Throwing       | |  0.6
Transmutations | |  0.8
Air Magic      | |  0.4

Action                   |  1- 3 |  4- 6 |  7- 9 | 10-12 | 13-15 || total
-------------------------+-------+-------+-------+-------+-------++-------
Melee: Unarmed           |    17 |       |       |       |       ||    17
       Tailslap          |     9 |     3 |    26 |    85 |   116 ||   239
       Dagger            |    31 |    33 |   249 |   695 |   544 ||  1552
       Short sword       |       |       |       |       |   192 ||   192
Throw: Javelin           |       |       |       |       |    10 ||    10
 Cast: Freeze            |    33 |     2 |       |       |       ||    35
       Frozen Ramparts   |     8 |    10 |    44 |    72 |   129 ||   263
       Hailstorm         |       |       |     1 |     7 |    72 ||    80
       Iskenderun's Myst |       |       |       |    14 |    38 ||    52
       Irradiate         |       |       |       |    10 |     7 ||    17
       Searing Ray       |       |       |       |     1 |       ||     1
       Freezing Cloud    |       |       |       |       |     1 ||     1
Evoke: Wand              |       |       |       |    12 |    24 ||    36
  Use: Scroll            |     2 |       |     4 |     8 |    19 ||    33
       Potion            |       |       |     2 |    18 |     6 ||    26
 Stab: Sleeping          |     4 |       |    12 |    14 |    21 ||    51
       Paralysed         |       |       |       |       |     5 ||     5
       Petrified         |       |       |       |       |     2 ||     2
  Eat: Chunk             |     2 |     3 |    13 |    21 |    10 ||    49
       Ration            |     1 |     1 |     1 |     5 |    11 ||    19
Armor: Skin              |    48 |    14 |   122 |   233 |   210 ||   627
Dodge: Dodged            |    42 |    23 |   124 |   494 |   584 ||  1267
       Repelled          |       |       |     4 |     8 |    12 ||    24
